 Dungeon Crawl Stone Soup version 0.29-a0-375-g5102b3be25 (webtiles) character file.

Game seed: 12107035229284571106

174 purpskrrrp the Caller (level 5, 0/36 HPs)
             Began as a Demonspawn Summoner on May 4, 2022.
             Was a Priest of Fedhas.
             Slain by an iguana (10 damage)
             ... on level 4 of the Dungeon.
             The game lasted 00:34:36 (4198 turns).

purpskrrrp the Caller (Demonspawn Summoner)         Turns: 4198, Time: 00:34:43

Health: 0/36       AC:  8    Str: 10    XL:     5   Next: 28%
Magic:  17/17      EV: 10    Int: 17    God:    Fedhas [***...]
Gold:   222        SH:  3    Dex: 13    Spells: 3/9 levels left

rFire   . . .      SeeInvis +   f - +0 spear
rCold   . . .      Faith    .   x - +0 buckler
rNeg    . . .      Spirit   .   c - +0 ring mail
rPois   .          Reflect  .   n - +2 helmet {SInv}
rElec   .          Harm     .   (no cloak)
rCorr   .          Rampage  .   (no gloves)
Will    +....                   (no boots)
Stlth   +.........              (no amulet)
HPRegen 0.12/turn               t - ring of magical power
MPRegen 0.15/turn               k - ring of willpower

@: no status effects
A: claws 1, demonic guardian 2
a: Renounce Religion, Wall of Briars, Grow Ballistomycete


You were on level 4 of the Dungeon.
You worshipped Fedhas.
Fedhas was most pleased with you.
You visited 1 branch of the dungeon, and saw 4 of its levels.

You collected 222 gold pieces.

Inventory:

Hand Weapons
 f - a +0 spear (weapon)
 v - a +1 flail of protection
Missiles
 d - 5 poisoned darts
Armour
 a - a +0 robe
 c - a +0 ring mail (worn)
 n - a +2 helmet of see invisible (worn)
 x - a +0 buckler (worn)
Magical Staves
 z - a staff of death
Jewellery
 g - a +4 ring of protection
 k - a ring of willpower (right claw)
 l - a ring of resist corrosion
 p - a ring of see invisible
 t - a ring of magical power (left claw)
Wands
 i - a wand of polymorph (3)
Scrolls
 s - a scroll of amnesia {unknown}
 y - a scroll of enchant weapon {unknown}
Potions
 b - a potion of magic
 e - 2 potions of curing
 h - a potion of degeneration
 j - a potion of attraction
 m - a potion of invisibility {unknown}
 o - a potion of flight {unknown}
 q - a potion of berserk rage {unknown}
 r - a potion of heal wounds {unknown}
 u - a potion of lignification {unknown}
 w - a potion of mutation {unknown}


   Skills:
 + Level 0.6 Fighting
 + Level 1.7 Polearms
 + Level 1.3 Armour
 + Level 2.4 Dodging
 + Level 2.5 Stealth
 + Level 2.6 Spellcasting
 + Level 4.7 Summonings


You had 3 spell levels left.
You knew the following spells:

 Your Spells              Type           Power      Damage    Failure   Level
a - Summon Small Mammal   Summ           72%        N/A       10%         1
b - Summon Guardian Gole  Hex/Summ       10%        N/A       58%         3
c - Call Imp              Summ           18%        N/A       14%         2

Your spell library contained the following spells:

 Spells                   Type           Power      Damage    Failure   Level
 Call Canine Familiar     Summ           18%        N/A       28%         3
 Static Discharge         Conj/Air       2%         N/A       69%         2
 Summon Lightning Spire   Summ/Air       10%        N/A       94%         4
 Lightning Bolt           Conj/Air       1%         1d12      100%        5
 Maxwell's Capacitive Co  Air            1%         ∞         100%        8


Dungeon Overview and Level Annotations

Branches:
Dungeon (4/15)
 Temple: D:4-7

Altars:
Fedhas


Innate Abilities, Weirdness & Mutations

You have sharp fingernails.
A demonic guardian rushes to your aid.


Message History

Found 12 gold pieces.
The iguana hisses angrily.
There is an open door here.
The iguana bites you but does no damage.
You hit the iguana.
The iguana is lightly wounded.
The iguana bites you.
You barely miss the iguana.
The iguana is lightly wounded.
The iguana closely misses you.
You hit the iguana but do no damage.
The iguana is lightly wounded.
The iguana bites you!
You closely miss the iguana.
The iguana is lightly wounded.
The iguana barely misses you. The iguana bites you!
You swap places.
Your crimson imp completely misses the iguana.
There is an open door here.
The iguana barely misses your crimson imp.
Your crimson imp hits the iguana but does no damage.
The iguana bites your crimson imp!
Your crimson imp blinks!
Casting: Summon Small Mammal (safe; 10% risk of failure)
Press: ? - help, Q - select action, (/) - cycle Dir - look around, f - activate Your crimson imp disappears in a puff of smoke!
Your rat barely misses the iguana.
Your rat bites the iguana but does no damage.
The iguana attacks as you move away! The iguana bites you!
* * * LOW HITPOINT WARNING * * *
You feel better. The iguana bites you.
* * * LOW HITPOINT WARNING * * *
Your rat barely misses the iguana.
Aiming: Polymorph
Press: ? - help, Q - select action, (/) - cycle Shift-Dir - straight line, f - iguana
Aim: an iguana (lightly wounded, ally target, will become a hobgoblin, a steam dragon, or a goblin, chance to affect: 57%)
The iguana resists with significant effort.
The iguana bites you!
You die...
Fedhas appreciates your contribution to the ecosystem.

....##'###.....#
. +..........#
#..........#
#..........#
#.......)..#
#...##.....#
#...##r....#
#.....l....#
#.....@....#
#..........#
######.....#
#...##.....#
#...#......#
#...#......#
#...##.....#
#...##.....# .
#...##.....#


You could see an iguana (ally target) and a friendly rat (summoned).

Vanquished Creatures
  Robin (D:2)
  2 adders (D:3)
  A dart slug (D:2)
  8 orcs
  5 bats
  6 endoplasms
  4 giant cockroaches
  5 goblins
  4 hobgoblins
  5 jackals
  4 kobolds
  2 quokkas
  4 ball pythons
  2 frilled lizards (D:3)
  4 rats
57 creatures vanquished.

Vanquished Creatures (collateral kills)
  3 gnolls
  An adder (D:2)
  2 dart slugs
  An orc (D:3)
  2 ball pythons
  2 endoplasms
  6 goblins
  5 hobgoblins (D:2)
  2 jackals
  A quokka (D:1)
  2 bats
27 creatures vanquished.

Grand Total: 84 creatures vanquished

Notes
Turn   | Place    | Note
-------+----------+-------------------------------------------
     0 | D:1      | purpskrrrp the Demonspawn Summoner began the quest for the
                  | Orb.
     0 | D:1      | Reached XP level 1. HP: 13/13 MP: 3/3
   469 | D:1      | Found a faded altar of an unknown god.
   473 | D:1      | Prayed at the altar of an unknown god.
   473 | D:1      | Became a worshipper of Fedhas Madash
   473 | D:1      | Reached * piety under Fedhas
   490 | D:1      | Gained mutation: A weak demonic guardian rushes to your
                  | aid. [demonic ancestry]
   490 | D:1      | Reached XP level 2. HP: 15/19 MP: 5/5
  1261 | D:1      | Gained mutation: A demonic guardian rushes to your aid.
                  | [demonic ancestry]
  1261 | D:1      | Reached XP level 3. HP: 15/24 MP: 4/6
  1598 | D:1      | Learned a level 3 spell: Summon Guardian Golem
  1756 | D:2      | Reached ** piety under Fedhas
  1889 | D:2      | Reached skill level 1 in Polearms
  2209 | D:2      | Noticed Robin
  2213 | D:2      | Reached XP level 4. HP: 31/31 MP: 4/7
  2234 | D:2      | Killed Robin
  2297 | D:2      | Reached skill level 1 in Armour
  3054 | D:3      | Gained mutation: You have sharp fingernails. [demonic
                  | ancestry]
  3054 | D:3      | Reached XP level 5. HP: 36/36 MP: 6/8
  3482 | D:3      | Reached *** piety under Fedhas
  3991 | D:4      | Learned a level 2 spell: Call Imp
  4198 | D:4      | Slain by an iguana

Illustrated notes

Levels and vault maps discovered:
D:1:      psy_arrival_spokes, layout_basic,
          hellmonk_ecumenical_altar_leap_of_faith, minmay_fountain_box,
          minmay_unequal
D:2:      layout_rooms, amcnicky_mini_corridor_feature,
          minmay_fractal_squares_gapless_5, uniq_robin
D:3:      layout_basic, grunt_ministairs_15
D:4:      layout_gridville, minmay_temple_entry_drinking_statues, serial_shops,
          nicolae_shop_statue_plus

Skill      XL: |  1  2  3  4 |
---------------+-------------+-----
Dodging        | 2 |  2.4
Stealth        | 2 |  2.5
Polearms       | 1 |  1.7
Armour         | 1 |  1.3
Fighting       | |  0.6
Spellcasting   | |  2.6
Summonings     | |  4.7

Action                   |  1- 3 |  4- 6 || total
-------------------------+-------+-------++-------
Melee: Spear             |   152 |   137 ||   289
       Punch             |     1 |     1 ||     2
 Cast: Summon Small Mamm |    15 |    33 ||    48
       Summon Guardian G |       |     1 ||     1
       Call Imp          |       |     1 ||     1
Invok: Wall of Briars    |       |     1 ||     1
Evoke: Wand              |       |     1 ||     1
  Use: Scroll            |     6 |     1 ||     7
       Potion            |       |     1 ||     1
 Stab: Distracted        |     1 |       ||     1
       Sleeping          |       |     1 ||     1
Armor: Ring mail         |   106 |    62 ||   168
Dodge: Dodged            |   115 |    78 ||   193

Table legend: (Time is in decaauts)
 A = Elapsed time spent in this place.
 B = Non-inter-level travel time spent in this place.
 C = Inter-level travel time spent in this place.
 D = Time resting spent in this place.
 E = Time spent auto-exploring this place.
 F = Levels seen in this place.
 G = Mean time per level.
                   A        B        C        D        E       F      G
               +--------+--------+--------+--------+--------+-----+--------+
         Total |   4215 |   3815 |    400 |   1123 |   1858 |   4 | 1053.8 |
       Dungeon |   4215 |   3815 |    400 |   1123 |   1858 |   4 | 1053.8 |
               +--------+--------+--------+--------+--------+-----+--------+

Top non-repeatable levels by time:
     D:1: 1741 daAuts
     D:3: 1177 daAuts
     D:2: 1082 daAuts
     D:4: 213 daAuts
